 Dungeon Crawl Stone Soup version 0.21.1-1-g345015fe64 (webtiles) character file.

376 KleinerIrrer the Sneak (level 6, -3/42 HPs)
             Began as an Octopode Monk on Mar 25, 2018.
             Was a Believer of Wu Jian.
             Killed from afar by an orc wizard (9 damage)
             ... with a puff of flame
             ... on level 5 of the Dungeon.
             The game lasted 00:10:34 (3217 turns).

KleinerIrrer the Sneak (Octopode Monk)              Turns: 3217, Time: 00:10:35

Health: -3/42      AC:  1    Str: 12    XL:     6   Next: 73%
Magic:  6/6        EV: 14    Int: 13    God:    Wu Jian [**....]
Gold:   250        SH:  0    Dex: 14    Spells: 5/5 levels left

rFire    . . .     SeeInvis .     - Unarmed
rCold    . . .     Gourm    .   (no shield)
rNeg     . . .     Faith    .   (helmet restricted)
rPois    .         Spirit   .   v - amulet of rage
rElec    .         Reflect  .   g - ring of resist corrosion
rCorr    +         Harm     .   (no ring)
MR       .....                  (no ring)
Stlth    ++++......             (no ring)
HPRegen  0.14/turn              (no ring)
MPRegen  0.10/turn              (no ring)
                                (no ring)
                                (no ring)

@: berserk cooldown, slowed, very slow
A: almost no armour, stealthy swim, amphibious, 8 rings, constrict 8, camouflage
1, gelatinous body 1
a: Wall Jump, Renounce Religion, Evoke Berserk Rage


You were on level 5 of the Dungeon.
You worshipped Wu Jian.
Wu Jian was pleased with you.
You were hungry.

You visited 2 branches of the dungeon, and saw 6 of its levels.

You collected 250 gold pieces.

Inventory:

Jewellery
 g - a ring of resist corrosion (left tentacle)
 v - an amulet of rage (around mantle)
Scrolls
 b - a scroll of fog {unknown}
 e - a scroll of random uselessness {unknown}
 i - a scroll of noise {unknown}
 j - 2 scrolls of teleportation
 k - a scroll of blinking {unknown}
 l - a scroll of remove curse
 n - 2 scrolls of enchant armour {unknown}
 p - 2 scrolls of magic mapping {unknown}
 r - a scroll of immolation {unknown}
 t - 2 scrolls of amnesia {unknown}
 u - a scroll of fear {unknown}
 w - 2 scrolls of enchant weapon {unknown}
Potions
 c - 2 potions of flight
 d - 2 potions of degeneration
 f - 3 potions of lignification
 h - a potion of magic
 m - 2 potions of might {unknown}
 o - a potion of heal wounds {unknown}
 q - a potion of curing {unknown}
 s - a potion of resistance {unknown}
Comestibles
 a - 7 rations


   Skills:
 - Level 3.0 Fighting
 - Level 3.0 Dodging
 + Level 6.6 Stealth
 + Level 5.8 Unarmed Combat
 * Level 1.1 Evocations


You had 5 spell levels left.
You didn't know any spells.

Dungeon Overview and Level Annotations

Branches:
Dungeon (5/15)             Temple (1/1) D:4

Altars:
Dithmenos
Fedhas
Hepliaklqana
Makhleb
Qazlal
Ru
Vehumet
Wu Jian
Xom
Yredelemnul
The Shining One


Innate Abilities, Weirdness & Mutations

You cannot wear most types of armour.
You are very stealthy in the water. (Stealth+)
You are amphibious.
You can wear up to eight rings at the same time.
You can use your tentacles to constrict eight enemies at once.
Your skin changes colour to match your surroundings (Stealth+).
Your rubbery body absorbs attacks. (AC +1, EV +1)


Message History

You fail to use your ability.
An ogre comes into view. It is wielding a giant spiked club.
A red film seems to cover your vision as you go berserk!
You feel yourself moving faster!
You feel mighty!
You are feeling hungry.
You feel a strong urge to attack something.
A magic dart appears from out of thin air!
The magic dart hits you!
The orc wizard gestures at you while chanting.
The magic dart hits something.
You feel your anger nearly subside.
You are no longer berserk.
You are exhausted.
You feel yourself slow down.
A magic dart appears from out of thin air!
The magic dart hits you!
* * * LOW HITPOINT WARNING * * *
A puff of flame appears from out of thin air!
The puff of flame hits you!
You die...

... .. ... ..
. #. ##..# #.#
####S...#
##..####.)ooO#
#<..@....###.#
#........#
#........#
###..#####
#..# ##.##
#..# ##.# #.#


You could see an orc wizard, an adder and an orc.

Vanquished Creatures
  A centaur zombie (D:5)
  A bullfrog skeleton (D:5)
  2 iguanas (D:4)
  Natasha (thrice) (D:3)
  8 adders
  An ooze (D:2)
  2 adder skeletons (D:4)
  A worm (D:3)
  A dart slug (D:1)
  3 leopard geckos
  6 orcs
  8 giant cockroaches
  10 hobgoblins
  12 jackals
  A quokka (D:4)
  A ball python (D:3)
  A ball python skeleton (D:4)
  9 bats
  3 frilled lizards
  5 goblins
  7 kobolds
  13 rats
99 creatures vanquished.

Notes
Turn   | Place    | Note
-------+----------+-------------------------------------------
     0 | D:1      | KleinerIrrer the Octopode Monk began the quest for the Orb.
     0 | D:1      | Reached XP level 1. HP: 16/16 MP: 1/1
    63 | D:1      | Reached skill level 3 in Stealth
    63 | D:1      | Reached XP level 2. HP: 18/21 MP: 2/2
   235 | D:1      | Reached XP level 3. HP: 20/26 MP: 3/3
   894 | D:2      | Found a hazy altar of Hepliaklqana.
   966 | D:2      | Reached skill level 4 in Stealth
  1010 | D:2      | Reached XP level 4. HP: 26/31 MP: 4/4
  1695 | D:3      | Reached skill level 5 in Stealth
  1695 | D:3      | Reached XP level 5. HP: 36/36 MP: 5/5
  1775 | D:3      | Found a blossoming altar of Fedhas.
  1778 | D:3      | Found a stormy altar of Qazlal.
  1969 | D:3      | Noticed Natasha
  1989 | D:3      | Killed Natasha
  1989 | D:3      | Reached skill level 5 in Unarmed Combat
  2050 | D:3      | Noticed Natasha
  2058 | D:3      | Killed Natasha
  2119 | D:3      | Noticed Natasha
  2128 | D:3      | Killed Natasha
  2128 | D:3      | Reached skill level 6 in Stealth
  2128 | D:3      | Reached XP level 6. HP: 21/42 MP: 6/6
  2959 | D:4      | Found a glowing golden altar of the Shining One.
  2987 | D:4      | Found a staircase to the Ecumenical Temple.
  2999 | Temple   | Entered the Ecumenical Temple
  3017 | Temple   | Became a worshipper of the Wu Jian Council
  3017 | Temple   | Reached * piety under Wu Jian
  3017 | Temple   | Reached ** piety under Wu Jian
  3088 | D:5      | Entered Level 5 of the Dungeon
  3098 | D:5      | Reached skill level 1 in Evocations
  3217 | D:5      | Killed from afar by an orc wizard

Skill      XL: |  1  2  3  4  5  6 |
---------------+-------------------+-----
Stealth        | 3 4 5 6 |  6.6
Unarmed Combat | 4 5 |  5.8
Evocations     | 1 |  1.1
Fighting       | |  3.0
Dodging        | |  3.0

Action                   |  1- 3 |  4- 6 || total
-------------------------+-------+-------++-------
Melee: Unarmed           |    78 |   130 ||   208
       Constrict         |    26 |    33 ||    59
       Tentacles         |    15 |    31 ||    46
       Punch             |     1 |     5 ||     6
Invok: Lunge             |       |     2 ||     2
       Whirlwind         |       |     2 ||     2
 Abil: Evoke Berserk Rag |       |     1 ||     1
  Use: Scroll            |       |     6 ||     6
 Stab: Sleeping          |    14 |    17 ||    31
       Distracted        |     1 |       ||     1
  Eat: Chunk             |       |     4 ||     4
       Ration            |       |     1 ||     1
Armor: Skin              |     4 |    10 ||    14
Dodge: Dodged            |    37 |    73 ||   110
